 Dungeon Crawl Stone Soup version 0.31.0-32-g396128a36d (webtiles) character file.

Game seed: 17322220752030096816

22194 swapadeg the Summoner (level 12, -2/105 HPs)
             Began as a Naga Summoner on Mar 29, 2024.
             Was a Priest of Hepliaklqana.
             Slain by a sun demon (12 damage)
             ... summoned by a kobold demonologist
             ... on level 12 of the Dungeon.
             The game lasted 01:00:00 (12297 turns).

swapadeg the Summoner (Naga Summoner)              Turns: 12297, Time: 01:00:00

Health: -2/105     AC: 18    Str: 12    XL:     12   Next: 97%
Magic:  23/34      EV: 12    Int: 23    God:    Hepliaklqana [***...]
Gold:   620        SH:  0    Dex: 11    Spells: 10/30 levels left

rFire   . . .        H - +1 glaive (venom)
rCold   . . .        (shield currently unavailable)
rNeg    . . .        I - +0 acid dragon scales
rPois   +            k - +2 helmet {Int+3}
rElec   .            (no cloak)
rCorr   +            e - +2 pair of gloves
SInv    +            (no barding)
Will    +....        t - amulet of the acrobat
Stlth   ++++         c - ring of magical power
HPRegen 0.37/turn    v - +4 ring of protection
MPRegen 0.24/turn

%: acrobat
@: inugami summoned, very slow
A: reduced essence, AC +4, large, see invisible, deformed body, poison
resistance, slowness 2, spit poison 1, naga tail 1, deterioration 1, MP-powered
wands
a: Spit Poison, Renounce Religion, Recall Ancestor, Ancestor Identity,
Transference


You were on level 12 of the Dungeon.
You worshipped Hepliaklqana.
Hepliaklqana was most pleased with you.
You visited 2 branches of the dungeon, and saw 13 of its levels.
You also visited: Sewer.

You collected 620 gold pieces.

Inventory:

Hand Weapons
 H - a +1 glaive of venom (weapon)
Armour
 e - a +2 pair of gloves (worn)
 k - a +2 helmet of intelligence (worn)
 F - a +2 robe of willpower
 I - +0 acid dragon scales (worn)
Jewellery
 c - a ring of magical power (left hand)
 t - an amulet of the acrobat (around neck)
 u - a ring of flight
 v - a +4 ring of protection (right hand)
 C - an amulet of magic regeneration
Wands
 g - a wand of charming (17)
 s - a wand of polymorph (4)
 x - a wand of iceblast (5)
 y - a wand of flame (33) (quivered)
 A - a wand of light (8)
Scrolls
 a - 2 scrolls of identify
 i - 5 scrolls of poison
 j - a scroll of teleportation
 l - 4 scrolls of fog
 r - a scroll of brand weapon
 z - a scroll of fear
 E - 2 scrolls of enchant weapon
Potions
 b - 2 potions of magic
 d - 8 potions of curing
 f - 3 potions of resistance
 h - 5 potions of lignification
 p - 2 potions of haste
 q - 3 potions of might
 w - a potion of brilliance
 D - 2 potions of heal wounds


   Skills:
 + Level 10.4 Fighting
 - Level 3.2 Polearms
 + Level 3.0 Armour
 + Level 9.1 Dodging
 - Level 8.9 Stealth
 + Level 9.9 Spellcasting
 + Level 11.3 Summonings
 - Level 3.1 Invocations
 - Level 3.0 Evocations


You had 10 spell levels left.
You knew the following spells:

 Your Spells              Type           Power      Damage    Failure   Level
a - Summon Small Mammal   Summ           100%       N/A       1%          1
b - Call Imp              Summ           100%       N/A       1%          2
c - Call Canine Familiar  Summ           59%        N/A       1%          3
d - Summon Blazeheart Go  Fire/Summ      37%        N/A       9%          4
e - Summon Lightning Spi  Summ/Air       37%        N/A       9%          4
f - Summon Cactus Giant   Summ           29%        N/A       12%         6

Your spell library contained the following spells:

 Spells                   Type           Power      Damage    Failure   Level
 Magic Dart               Conj           44%        1d5       9%          1
 Blink                    Tloc           22%        N/A       13%         2
 Mercury Vapours          Alch/Air       22%        N/A       13%         2
 Summon Forest            Summ/Tloc      18%        N/A       22%         5
 Summon Mana Viper        Hex/Summ       37%        N/A       22%         5
 Dazzling Flash           Conj/Hex       22%        N/A       26%         3
 Inner Flame              Hex/Fire       11%        N/A       26%         3
 Mephitic Cloud           Conj/Alch/Air  11%        N/A       26%         3
 Curse of Agony           Necr           11%        N/A       93%         5
 Freezing Cloud           Conj/Ice/Air   5%         6-21      93%         5
 Irradiate                Conj/Alch      5%         3d13      93%         5
 Silence                  Hex/Air        5%         N/A       93%         5
 Orb of Destruction       Conj           5%         9d5       100%        7
 Spellforged Servitor     Conj/Summ      18%        N/A       100%        7
 Ignition                 Fire           5%         3d4       100%        8


Dungeon Overview and Level Annotations

Branches:
Dungeon (12/15)            Temple (1/1) D:6            Lair (0/5) D:9
  Sewer (visited)
    Orc: D:9-12

Altars:
Ashenzari
Cheibriados
Dithmenos
Elyvilon
Fedhas
Gozag
Hepliaklqana
Kikubaaqudgha
Makhleb
Nemelex Xobeh
Okawaru
Qazlal
Ru
Sif Muna
Trog
Uskayaw
Vehumet
Wu Jian
Xom
Yredelemnul
Zin
The Shining One

Annotations:
D:7 3 runed translucent doors, diceflayer's ghost, novice DsGl


Innate Abilities, Weirdness & Mutations

Your life essence is reduced to manifest your ancestor. (-10% HP)
Your serpentine skin is tough. (AC +4)
You have supernaturally acute eyesight. (SInv)
Armour fits poorly on your strangely shaped body.
Your system is resistant to poisons. (rPois)
You cover ground very slowly.
You can spit poison.
You have a snake-like lower body.
Your body sometimes deteriorates upon taking damage.
You expend magic power (3 MP) to strengthen your wands.


Message History

Your cactus giant barely misses the kobold demonologist.
The iron imp barely misses Sizwe.
The kobold demonologist looks satisfied for a moment.
The ufetubus hits you but does no damage. x2
Sizwe hits the iron imp with a +0 flail!
The crimson imp hits you but does no damage.
You slash the kobold demonologist!
The kobold demonologist looks as sick as possible!
The kobold demonologist is almost dead.
You kill the kobold demonologist!
The crimson imp disappears in a puff of smoke!
The iron imp disappears in a puff of smoke!
The ufetubus disappears in a puff of smoke!
The sun demon misses you.
Sizwe barely misses the sun demon.
You slash the sun demon!
The sun demon is lightly wounded.
A kobold comes into view. It is wielding a +0 club.
The sun demon hits you but does no damage.
Your cactus giant hits the sun demon with a +0 giant spiked club!
The kobold demonologist gestures wildly while chanting.
Sizwe hits the sun demon with a +0 flail.
The sun demon hits you!
You are engulfed in flames!
The kobold moves out of view.
You hit the sun demon but do no damage.
The sun demon is poisoned.
The sun demon is heavily wounded.
The sun demon hits you!
You are engulfed in flames!!
Sizwe hits the sun demon with a +0 flail!
Unknown command.
You slash the sun demon!
The sun demon looks as sick as possible!
The sun demon is almost dead.
The sun demon hits you!
* * * LOW HITPOINT WARNING * * *
You are engulfed in flames!!
* * * LOW HITPOINT WARNING * * *
Your cactus giant barely misses the sun demon.
The sun demon hits you.
* * * LOW HITPOINT WARNING * * *
You are engulfed in flames!
You die...

#.....#######...#
#.....+.##......#
#.....#.##......#
#.....#.##......#
######..........#
#..........
#......C######
#.....hR3KKK.#
#####......@##
#............#
#............#
#............#
#......#####.#
#......# #.#
#......# #>#
#......# #.#
#......# #.#


You could see the friendly Sizwe the knight, a sun demon (summoned, extremely
poisoned, ally target), a kobold demonologist, 2 kobolds, a friendly cactus
giant (summoned) and a friendly inugami (summoned).

Vanquished Creatures
  A two-headed ogre (D:10)
  Sonja (D:11)
  A deep elf pyromancer (D:9)
  A kobold demonologist (D:12)
  An unseen horror (D:10)
  A rime drake (D:9)
  A shadow (D:11)
  A wyvern (D:9)
  17 yaks
  3 humans (D:8)
  Duvessa (D:5)
  An acid dragon (D:11)
  A water moccasin (D:4)
  2 orc warriors (D:8)
  2 black bears
  5 ice beasts
  An ogre (D:8)
  3 wolves
  5 centaurs
  A phantom (D:5)
  2 bullfrogs
  A gnoll sergeant (D:10)
  A scorpion (D:6)
  7 wights
  Dowan (D:5)
  5 killer bees
  2 howler monkeys (D:6)
  3 hounds (D:6)
  An iron imp (D:9)
  2 gnoll boudas
  3 orc priests
  3 iguanas
  9 orc wizards
  11 gnolls
  5 adders
  A shadow imp (D:9)
  A white imp (D:6)
  2 dart slugs (D:1)
  2 ribbon worms
  11 orcs
  5 bats
  6 endoplasms
  3 giant cockroaches
  10 goblins
  4 hobgoblins
  3 jackals
  2 quokkas
  6 ball pythons
  7 frilled lizards
  A kobold (D:2)
  8 rats
178 creatures vanquished.

Vanquished Creatures (collateral kills)
  A two-headed ogre (D:6)
  A deep elf zephyrmancer (D:9)
  2 ugly things
  An unseen horror (D:6)
  Maggie (D:8)
  Psyche (D:10)
  A wraith (D:11)
  9 yaks
  2 humans (D:8)
  Grum (D:8)
  A steam dragon (D:9)
  3 orc warriors
  An ice beast (D:9)
  5 ogres
  A swamp drake (D:9)
  A black bear (D:5)
  2 centaurs (D:9)
  A wolf (D:8)
  2 kobold brigands (D:8)
  2 brain worms (Sewer)
  A scorpion (D:6)
  12 wights
  12 killer bees
  2 howler monkeys (D:11)
  A crimson imp (D:9)
  A jelly (D:8)
  2 bombardier beetles
  3 orc priests
  4 gnoll boudas
  A sleepcap (D:7)
  Terence (D:2)
  An iguana (D:4)
  2 orc wizards
  9 gnolls
  4 adders
  2 river rats (Sewer)
  A shadow imp (D:5)
  2 white imps
  2 ribbon worms (D:5)
  27 orcs
  3 ball pythons
  2 bats
  An endoplasm (D:1)
  3 giant cockroaches
  3 goblins (D:10)
  2 hobgoblins
  6 jackals
  A quokka (D:1)
  3 frilled lizards
  9 kobolds
  4 rats (Sewer)
166 creatures vanquished.

Vanquished Creatures (others)
  An ice beast (D:9)
  A howler monkey (D:9)
  2 knights
  9 ancestors
  11 blazeheart cores
24 creatures vanquished.

Grand Total: 368 creatures vanquished

Notes
Turn   | Place    | Note
-------+----------+-------------------------------------------
     0 | D:1      | swapadeg the Naga Summoner began the quest for the Orb.
     0 | D:1      | Reached XP level 1. HP: 15/15 MP: 3/3
   140 | D:1      | Reached XP level 2. HP: 22/22 MP: 0/5
   280 | D:1      | Learned a level 2 spell: Call Imp
   480 | D:1      | Reached XP level 3. HP: 30/30 MP: 6/6
  1419 | D:2      | Reached skill level 1 in Fighting
  1458 | D:2      | Noticed Terence
  1484 | D:2      | Killed Terence
  1485 | D:2      | Reached XP level 4. HP: 15/38 MP: 7/7
  2063 | D:2      | Reached skill level 5 in Fighting
  2063 | D:2      | Reached skill level 5 in Spellcasting
  2063 | D:2      | Reached skill level 6 in Summonings
  2063 | D:2      | Reached XP level 5. HP: 52/52 MP: 12/12
  2068 | D:2      | Learned a level 3 spell: Call Canine Familiar
  2073 | D:2      | Learned a level 4 spell: Summon Blazeheart Golem
  2078 | D:2      | Learned a level 4 spell: Summon Lightning Spire
  2231 | D:3      | Found a faded altar of an unknown god.
  2297 | D:3      | Found an opulent altar of Gozag.
  2685 | D:4      | Found an ancient bone altar of Kikubaaqudgha.
  2744 | D:4      | Reached XP level 6. HP: 58/61 MP: 14/14
  3298 | D:4      | Noticed a water moccasin
  3312 | D:4      | Killed a water moccasin
  3486 | D:4      | Found a radiant altar of Vehumet.
  3503 | D:4      | Found a stormy altar of Qazlal.
  3712 | D:5      | Entered Level 5 of the Dungeon
  3714 | D:5      | Noticed a black bear
  3725 | D:5      | Killed a black bear
  3726 | D:5      | Reached skill level 1 in Armour
  3726 | D:5      | Reached XP level 7. HP: 66/67 MP: 15/15
  3801 | D:5      | Reached skill level 5 in Dodging
  3801 | D:5      | Reached skill level 7 in Summonings
  3918 | D:5      | Found a white marble altar of Elyvilon.
  3962 | D:5      | Found an iron altar of Okawaru.
  4117 | D:5      | Reached skill level 1 in Evocations
  4381 | D:5      | Reached XP level 8. HP: 33/75 MP: 16/16
  4883 | D:5      | Noticed Duvessa
  4889 | D:5      | Noticed Dowan
  4893 | D:5      | Killed Duvessa
  4903 | D:5      | Killed Dowan
  5032 | D:5      | Gained mutation: You are weak. (Str -2) [potion of
                  | mutation]
  5032 | D:5      | Gained mutation: Your magical capacity is low. (-10% MP)
                  | [potion of mutation]
  5103 | D:6      | Found a glowing drain.
  5112 | Sewer    | Entered a sewer
  5676 | D:6      | Reached XP level 9. HP: 70/78 MP: 16/16
  5727 | D:6      | Reached skill level 9 in Summonings
  5727 | D:6      | Reached XP level 10. HP: 93/93 MP: 19/19
  5728 | D:6      | Reached XP level 11. HP: 101/101 MP: 21/21
  5886 | D:6      | Found a staircase to the Ecumenical Temple.
  5896 | Temple   | Entered the Ecumenical Temple
  5929 | Temple   | Became a worshipper of Hepliaklqana the Forgotten
  6365 | D:6      | Noticed a red ugly thing
  6365 | D:6      | Noticed a two-headed ogre
  6509 | D:6      | Killed a two-headed ogre
  6518 | D:6      | Killed a red ugly thing
  6519 | D:6      | Reached skill level 10 in Summonings
  7249 | D:7      | Found a runed translucent gate.
  7249 | D:7      | Found a runed translucent gate.
  7249 | D:7      | Found a runed translucent gate.
  7250 | D:7      | Noticed diceflayer's ghost (novice DsGl)
  7273 | D:7      | Reached * piety under Hepliaklqana
  7309 | D:7      | You fall into a shaft and drop 3 floors!
  7309 | D:10     | Entered Level 10 of the Dungeon
  7331 | D:10     | Noticed Psyche
  7340 | D:10     | Killed Psyche
  7381 | D:10     | Noticed a two-headed ogre
  7404 | D:10     | Killed a two-headed ogre
  8392 | D:9      | Reached XP level 12. HP: 83/103 MP: 22/22
  8547 | D:9      | Found a staircase to the Lair.
  9223 | D:8      | Reached skill level 10 in Fighting
  9827 | D:8      | Reached ** piety under Hepliaklqana
  9828 | D:8      | Remembered your ancestor Sizwe as a knight
 10056 | D:8      | Reached skill level 1 in Invocations
 10283 | D:8      | Noticed Grum
 10291 | D:8      | Killed Grum
 10300 | D:8      | Reached skill level 11 in Summonings
 10451 | D:8      | Noticed Maggie
 10463 | D:8      | Killed Maggie
 11401 | D:11     | Noticed Sonja
 11411 | D:11     | Killed Sonja
 11440 | D:11     | Identified the +9 plate armour "Giruank" {-Cast rN+++ rCorr
                  | SInv}
 11495 | D:11     | Reached *** piety under Hepliaklqana
 11513 | D:11     | Found a blossoming altar of Fedhas.
 11516 | D:11     | Identified the maw talisman "Karaluo" {rPois Will+++ Dex-4
                  | SInv}
 11955 | D:11     | Learned a level 6 spell: Summon Cactus Giant
 12224 | D:11     | Lost mutation: Your magical capacity is low. (-10% MP)
                  | [potion of mutation]
 12224 | D:11     | Lost mutation: You are weak. (Str -2) [potion of mutation]
 12224 | D:11     | Gained mutation: You are frail. (-10% HP) [potion of
                  | mutation]
 12224 | D:11     | Gained mutation: Your flesh is heat resistant. (rF+)
                  | [potion of mutation]
 12224 | D:11     | Gained mutation: You expend magic power (3 MP) to
                  | strengthen your wands. [potion of mutation]
 12225 | D:11     | Lost mutation: You expend magic power (3 MP) to strengthen
                  | your wands. [potion of mutation]
 12225 | D:11     | Lost mutation: You are frail. (-10% HP) [potion of
                  | mutation]
 12225 | D:11     | Lost mutation: Your flesh is heat resistant. (rF+) [potion
                  | of mutation]
 12225 | D:11     | Gained mutation: You expend magic power (3 MP) to
                  | strengthen your wands. [potion of mutation]
 12225 | D:11     | Gained mutation: Your body sometimes deteriorates upon
                  | taking damage. [potion of mutation]
 12290 | D:12     | Noticed a sun demon
 12297 | D:12     | Slain by a sun demon

Illustrated notes

Levels and vault maps discovered:
D:1:      minmay_arrival_four_circles, layout_basic, minmay_split_cup_small
D:2:      layout_basic, uniq_terence
D:3:      layout_rooms, mainiacjoe_overflow_alcove_2,
          dilly_ecumenical_altar_fadedgnrine, dk_noncrumbling_4
D:4:      layout_basic, old_standard_altar, mainiacjoe_overflow_big_doors,
          chequers_serial_rivers_micro_b, minmay_quantized
D:5:      layout_loops_ring, okawaru_trees_2, old_standard_altar,
          grunt_decor_cap, uniq_duvessa
D:6:      minmay_cornered_nines, layout_cave_pods, minmay_temple_entry_grid,
          portal_sewer_entry_d
D:7:      black_bear_nest_2, layout_cave_pools, gammafunk_ghost_necromancy
D:8:      kennysheep_seaside_town, layout_loops_corners, minmay_ruffians,
          uniq_grum, uniq_maggie
D:9:      layout_rooms, hellmonk_lair_entry_icy, hangedman_minor_magic
D:10:     layout_roguey, enter_bailey_5, lemuel_flamethrower_1, uniq_psyche
D:11:     layout_cave_pools, fedhas_altar_3, uniq_sonja
D:12:     layout_basic, kennysheep_orc_monster_closet_entryway, special_room
          [special_room_bee], uniq_urug
Temple:   nicolae_temple_superstar

Skill      XL: |  1  2  3  4  5  6  7  8  9 10 11 12 |
---------------+-------------------------------------+-----
Dodging        | 2 4 5 7 8 9 |  9.1
Fighting       | 1 5 6 7 8 9 10 | 10.4
Stealth        | 4 8 |  8.9
Spellcasting   | 5 6 7 8 9 |  9.9
Summonings     | 6 7 9 10 11 | 11.3
Armour         | 1 2 3 |  3.0
Evocations     | 1 2 3 |  3.0
Polearms       | 3 |  3.2
Invocations    | 3 |  3.1

Action                     |  1- 3 |  4- 6 |  7- 9 | 10-12 || total
---------------------------+-------+-------+-------+-------++-------
  Melee: Unarmed           |    26 |       |       |       ||    26
         Dagger            |    57 |    36 |       |       ||    93
         Punch             |     1 |     3 |     4 |     5 ||    13
         Short sword       |       |    69 |   110 |       ||   179
         Trident           |       |       |    19 |   325 ||   344
         Halberd           |       |       |       |   101 ||   101
         Glaive            |       |       |       |   100 ||   100
   Cast: Summon Small Mamm |    37 |     3 |    16 |    18 ||    74
         Call Imp          |     9 |     3 |    12 |    22 ||    46
         Call Canine Famil |       |     8 |    14 |    31 ||    53
         Summon Blazeheart |       |       |     8 |    15 ||    23
         Summon Lightning  |       |       |       |    13 ||    13
         Summon Cactus Gia |       |       |       |     1 ||     1
 Invoke: Recall Ancestor   |       |       |       |     1 ||     1
         Ancestor Life: Kn |       |       |       |     1 ||     1
  Evoke: Wand              |       |       |     1 |       ||     1
    Use: Scroll            |     3 |     5 |     3 |     8 ||    19
         Potion            |       |     2 |     4 |     6 ||    12
   Stab: Sleeping          |     4 |    14 |     7 |    13 ||    38
         Distracted        |     1 |     1 |     1 |    11 ||    14
 Armour: Robe              |    71 |    59 |    62 |   276 ||   468
         Acid dragon scale |       |       |       |   100 ||   100
  Dodge: Dodged            |    66 |    53 |    73 |   341 ||   533
